 Dungeon Crawl Stone Soup version 0.26-a0-1147-g3780a7a11b (webtiles) character file.

Game seed: 2648758145360897528

9 melloss the Firebug (level 1, 10/14 HPs)
             Began as a Demigod Fire Elementalist on Dec 22, 2020.
             Quit the game on level 1 of the Dungeon.
             The game lasted 00:03:54 (541 turns).

melloss the Firebug (Demigod Fire Elementalist)      Turns: 541, Time: 00:03:55

Health: 10/14      AC:  2    Str: 11    XL:     1   Next: 86%
Magic:  5/5        EV:  9    Int: 19    God:
Gold:   17         SH:  7    Dex: 16    Spells: 2/3 levels left

rFire    . . .     SeeInvis +   e - +0 dagger
rCold    . . .     Faith    .   f - +0 kite shield (curse)
rNeg     . . .     Spirit   .   a - +0 robe
rPois    .         Reflect  .   (no helmet)
rElec    .         Harm     .   (no cloak)
rCorr    .         Rampage  .   (no gloves)
Will     .....                  (no boots)
Stlth    ++........             (no amulet)
HPRegen  0.04/turn              b - ring of see invisible
MPRegen  0.09/turn              (no ring)

@: no status effects
A: high mp 1
a: no special abilities


You were on level 1 of the Dungeon.
You visited 1 branch of the dungeon, and saw 1 of its levels.

You collected 17 gold pieces.

Inventory:

Hand Weapons
 e - a +0 dagger (weapon)
Armour
 a - a +0 robe (worn)
 f - a cursed +0 kite shield (worn)
Jewellery
 b - a ring of see invisible (left hand)
Scrolls
 c - a scroll of identify {unknown}
Potions
 d - 2 potions of ambrosia {unknown}


   Skills:
 + Level 1.8 Dodging
 + Level 1.8 Stealth
 + Level 1.8 Spellcasting
 + Level 0.8 Conjurations
 + Level 3.1 Fire Magic


You had 2 spell levels left.
You knew the following spells:

 Your Spells              Type           Power        Failure   Level
a - Foxfire               Conj/Fire      36%          47%         1

Your spell library contained the following spells:

 Spells                   Type           Power        Failure   Level
 Conjure Flame            Conj/Fire      9%           85%         3
 Inner Flame              Hex/Fire       7%           88%         3
 Sticky Flame             Conj/Fire      9%           99%         4
 Fireball                 Conj/Fire      4%           100%        5


Dungeon Overview and Level Annotations

Branches:
Dungeon (1/15)


Innate Abilities, Weirdness & Mutations

You have an increased reservoir of magic. (+10% MP)


Message History

The frilled lizard closely misses you.
You closely miss the frilled lizard. The frilled lizard bites you.
The frilled lizard bites you.
Things that are here:
a cursed -1 short sword; 3 stones; a kobold corpse The frilled lizard bites you.
The frilled lizard bites you but does no damage.
Things that are here:
a cursed -1 short sword; 3 stones; a kobold corpse You miss the frilled lizard.
The frilled lizard closely misses you.
You barely miss the frilled lizard. The frilled lizard closely misses you.
You hit the frilled lizard.
You kill the frilled lizard!
You see here a kite shield.
f - a kite shield You start putting on your armour.
You continue putting on your kite shield. x4
You finish putting on your cursed +0 kite shield.
Oops, that feels deathly cold.
Are you sure you want to abandon this character and quit the game? (Confirm with "yes".)

..##.............รท....#v....#.
............#...#.....#....##.
........................#.#...
........##...#..#.....#...#...
........##...#..#.....#.#.....
........#...###.##...##.######
............#.#..#...#... ...
...........##.##.##.## #.
...........#)@.#.. (# #.
#####.....##...##.### ##
#.....#.....# #.....#.....#..
#.............. ##
#.....#.#.#..$# ..
##............# ..
#.........#.## .. ###.......#.#
.


There were no monsters in sight!

Vanquished Creatures
  2 ball pythons (D:1)
  A giant cockroach (D:1)
  A frilled lizard (D:1)
  3 kobolds (D:1)
  2 rats (D:1)
9 creatures vanquished.

Vanquished Creatures (others)
  20 foxfires (D:1)
20 creatures vanquished.

Grand Total: 29 creatures vanquished

Notes
Turn   | Place    | Note
-------+----------+-------------------------------------------
     0 | D:1      | melloss the Demigod Fire Elementalist began the quest for
                  | the Orb.
     0 | D:1      | Reached XP level 1. HP: 14/14 MP: 5/5
   285 | D:1      | Reached skill level 3 in Fire Magic
   541 | D:1      | Quit the game

Illustrated notes

Levels and vault maps discovered:
D:1:      dpeg_arrival_water_fire, layout_basic, minivault_5, minmay_unequal

Skill      XL: |  1 |
---------------+----+-----
Fire Magic     | 3 |  3.1
Dodging        | |  1.8
Stealth        | |  1.8
Spellcasting   | |  1.8
Conjurations   | |  0.8

Action                   || total
-------------------------++-------
Melee: Unarmed           ||     6
       Dagger            ||     5
 Cast: Foxfire           ||    11
 Stab: Sleeping          ||     1
Armor: Robe              ||     7
Dodge: Dodged            ||    16

Table legend: (Time is in decaauts)
 A = Elapsed time spent in this place.
 B = Non-inter-level travel time spent in this place.
 C = Inter-level travel time spent in this place.
 D = Time resting spent in this place.
 E = Time spent auto-exploring this place.
 F = Levels seen in this place.
 G = Mean time per level.
                   A        B        C        D        E       F      G
               +--------+--------+--------+--------+--------+-----+--------+
         Total |    540 |    540 |      0 |      0 |    363 |   1 |  540.0 |
       Dungeon |    540 |    540 |      0 |      0 |    363 |   1 |  540.0 |
               +--------+--------+--------+--------+--------+-----+--------+

Top non-repeatable levels by time:
     D:1: 540 daAuts
